 Dungeon Crawl Stone Soup version 0.29.0-4-gdea44cf6ec (webtiles) character file.

Game seed: 7775403763495497327

186 gelatine the Insei (level 5, -1/34 HPs)
             Began as an Octopode Transmuter on Aug 27, 2022.
             Was a Follower of Okawaru.
             Slain by an orc
             ... wielding a +0 trident
              (5 damage)
             ... on level 3 of the Dungeon.
             The game lasted 00:05:27 (2455 turns).

gelatine the Insei (Octopode Transmuter)            Turns: 2455, Time: 00:05:28

Health: -1/34      AC:  1    Str: 12    XL:     5   Next: 66%
Magic:  6/9        EV: 13    Int: 15    God:    Okawaru [*.....]
Gold:   87         SH:  0    Dex: 12    Spells: 6/9 levels left

rFire   . . .      SeeInvis .   r - +2 dagger (holy)
rCold   . . .      Faith    .   (no shield)
rNeg    . . .      Spirit   .   (helmet currently unavailable)
rPois   .          Reflect  .   (no amulet)
rElec   .          Harm     .   (no ring)
rCorr   .          Rampage  .   (no ring)
Will    .....                   (no ring)
Stlth   +++.......              (no ring)
HPRegen 0.11/turn               (no ring)
MPRegen 0.11/turn               (no ring)
                                (no ring)
                                (no ring)

@: appendages (expiring), wereblooded
A: tentacle spike 3, almost no armour, amphibious, 8 rings, camouflage 1,
gelatinous body 1, (nimble swimmer 1), tentacles
a: End Transformation, Renounce Religion, Heroism


You were on level 3 of the Dungeon.
You worshipped Okawaru.
Okawaru was aware of your devotion.
One of your tentacles had grown a beastly spike.
You visited 1 branch of the dungeon, and saw 3 of its levels.

You collected 87 gold pieces.

Inventory:

Hand Weapons
 d - a +0 dagger
 g - a +0 short sword
 r - a +2 dagger of holy wrath (weapon)
Missiles
 e - 4 poisoned darts
 t - 2 boomerangs
Magical Staves
 k - a staff of poison
Wands
 h - a wand of flame (14)
Scrolls
 b - a scroll of brand weapon {unknown}
 f - 2 scrolls of identify {unknown}
 i - a scroll of poison {unknown}
 m - a scroll of amnesia {unknown}
 n - a scroll of enchant weapon {unknown}
 o - a scroll of silence {unknown}
 p - a scroll of immolation {unknown}
Potions
 a - 2 potions of lignification
 c - 3 potions of flight {unknown}
 j - a potion of haste {unknown}
 l - a potion of attraction {unknown}
 q - 3 potions of curing {unknown}
 s - a potion of cancellation {unknown}


   Skills:
 * Level 1.9 Fighting
 + Level 2.2 Dodging
 + Level 3.9 Stealth
 + Level 4.1 Unarmed Combat
 + Level 2.6 Spellcasting
 + Level 2.6 Transmutations


You had 6 spell levels left.
You knew the following spells:

 Your Spells              Type           Power      Damage    Failure   Level
a - Beastly Appendage     Tmut           20%        N/A       7%          1
b - Wereblood             Tmut           10%        N/A       11%         2

Your spell library contained the following spells:

 Spells                   Type           Power      Damage    Failure   Level
 Spider Form              Tmut/Pois      6%         N/A       34%         3
 Ice Form                 Ice/Tmut       6%         N/A       75%         4
 Fireball                 Conj/Fire      1%         3d3       99%         5
 Iskenderun's Battlesphe  Conj           2%         2d6       99%         5
 Conjure Ball Lightning   Conj/Air       1%         3x3d6     100%        6
 Orb of Destruction       Conj           1%         9d5       100%        7


Dungeon Overview and Level Annotations

Branches:
Dungeon (3/15)

Altars:
Okawaru


Innate Abilities, Weirdness & Mutations

One of your tentacles has grown a beastly spike.
You cannot wear most types of armour.
You are amphibious.
You can wear up to eight rings at the same time.
Your skin changes colour to match your surroundings (Stealth+).
Your rubbery body absorbs attacks. (AC +1, EV +1)
((You are camouflaged when in or above water. (Stealth+)))
You have tentacles for arms and can constrict up to eight enemies at once.


Message History

The magic dart hits you!
You hit the orc wizard.
Your tentacle spike misses the orc wizard.
You squeeze the orc wizard.
You feel a bit better.
You kill the orc wizard!
Okawaru accepts your kill.
The orc hits you from afar with a +0 trident!
You hit the orc but do no damage. You grab the orc.
You pierce the orc.
The orc is moderately wounded.
You howl as the wereblood boils in your veins!
Your transformation is almost over.
You constrict the orc. The orc hits you with a +0 dagger.
The orc barely misses you.
You completely miss the orc. You squeeze the orc.
You feel a bit better.
You kill the orc!
Okawaru accepts your kill.
You barely miss the hobgoblin. Your grab misses the hobgoblin.
The hobgoblin misses you.
You hit the hobgoblin. You grab the hobgoblin. You squeeze the hobgoblin.
You feel a bit better.
You kill the hobgoblin!
Okawaru accepts your kill.
The orc wizard gestures at you while chanting.
The puff of flame hits you.
* * * LOW HITPOINT WARNING * * *
Found 4 poisoned darts.
The orc completely misses you.
Items here: )) [ ††.
The orc wizard hits you with a +0 dagger.
* * * LOW HITPOINT WARNING * * *
The orc closely misses you.
You completely miss the orc. Your grab misses the orc.
The orc wizard points at you and mumbles some strange words.
You resist with some effort. The orc misses you.
You puncture the orc wizard! Your grab misses the orc wizard.
Your tentacle spike misses the orc wizard.
The orc wizard is heavily wounded.
The orc wizard hits you with a +0 dagger.
* * * LOW HITPOINT WARNING * * *
The orc hits you with a +0 trident.
You die...

########### #..(...|..#
# ........... #
..####.#.......#
.....#.o......
#########. ##.†#@.......
........#. #.$.)o...(...
#######.#.##...#######..
......#.#......#....#
#####.#.##.......##.#
......#.##..........#
...#..#.##....<..####
...#..#.####.#.......
......#......#.#.....


You could see an orc wizard and an orc.

Vanquished Creatures
  Jessica (D:2)
  An orc wizard (D:3)
  Natasha (thrice) (D:2)
  An adder (D:2)
  A worm (D:3)
  A dart slug (D:2)
  5 orcs (D:3)
  3 endoplasms
  A giant cockroach (D:2)
  2 hobgoblins
  4 jackals (D:1)
  5 ball pythons
  3 bats (D:2)
  A frilled lizard (D:2)
  6 goblins
  5 kobolds
  3 rats
46 creatures vanquished.

Notes
Turn   | Place    | Note
-------+----------+-------------------------------------------
     0 | D:1      | gelatine the Octopode Transmuter began the quest for the
                  | Orb.
     0 | D:1      | Reached XP level 1. HP: 13/13 MP: 3/3
   264 | D:1      | Reached XP level 2. HP: 7/18 MP: 3/5
   269 | D:1      | Learned a level 2 spell: Wereblood
  1134 | D:2      | Noticed Jessica
  1137 | D:2      | Killed Jessica
  1138 | D:2      | Reached XP level 3. HP: 23/23 MP: 4/6
  1341 | D:2      | Reached skill level 1 in Stealth
  1433 | D:2      | Noticed Natasha
  1439 | D:2      | Killed Natasha
  1440 | D:2      | Reached XP level 4. HP: 28/28 MP: 5/7
  1487 | D:2      | Found a faded altar of an unknown god.
  1558 | D:2      | Prayed at the altar of an unknown god.
  1558 | D:2      | Became a worshipper of Warmaster Okawaru
  1558 | D:2      | Reached * piety under Okawaru
  1638 | D:2      | Noticed Natasha
  1650 | D:2      | Killed Natasha
  1651 | D:2      | Reached XP level 5. HP: 28/33 MP: 6/8
  1696 | D:2      | Noticed Natasha
  1706 | D:2      | Killed Natasha
  1707 | D:2      | Reached skill level 4 in Unarmed Combat
  2455 | D:3      | Slain by an orc

Illustrated notes

Levels and vault maps discovered:
D:1:      ncdulo_lavacross, layout_basic
D:2:      layout_loops_ring, shapermc_ecumenical_altar_ellora,
          minmay_randomly_rotated_circles, uniq_jessica, uniq_natasha
D:3:      layout_basic, solitary_fountain

Skill      XL: |  1  2  3  4  5 |
---------------+----------------+-----
Stealth        | 2 3 |  3.9
Unarmed Combat | 4 |  4.1
Fighting       | |  1.9
Dodging        | |  2.2
Spellcasting   | |  2.6
Transmutations | |  2.6

Action                   |  1- 3 |  4- 6 || total
-------------------------+-------+-------++-------
Melee: Unarmed           |    41 |    28 ||    69
       Kick              |    12 |    11 ||    23
       Constrict         |    12 |     9 ||    21
       Tentacles         |    10 |    10 ||    20
       Punch             |     1 |     1 ||     2
       Dagger            |       |     9 ||     9
 Cast: Beastly Appendage |    19 |     9 ||    28
       Wereblood         |     1 |     2 ||     3
 Stab: Sleeping          |     4 |     1 ||     5
Armor: Skin              |     1 |     2 ||     3
Dodge: Dodged            |    18 |    23 ||    41
